 Dungeon Crawl Stone Soup version 0.27-a0-323-gbd089401bb (webtiles) character file.

Game seed: 7638131156131241467

28 tabyourdongers the Sneak (level 2, -1/29 HPs)
             Began as a Troll Delver on Feb 10, 2021.
             Slain by Eustachio
             ... wielding a +1 falchion of freezing
              (5 damage)
             ... on level 6 of the Dungeon.
             The game lasted 00:00:08 (60 turns).

tabyourdongers the Sneak (Troll Delver)               Turns: 60, Time: 00:00:08

Health: -1/29      AC:  6    Str: 19    XL:     2   Next: 96%
Magic:  1/1        EV: 10    Int:  6    God:
Gold:   0          SH:  0    Dex: 11    Spells: 1/1 levels left

rFire    . . .     SeeInvis .     - Unarmed
rCold    . . .     Faith    .   (no shield)
rNeg     . . .     Spirit   .   a - +0 robe
rPois    .         Reflect  .   (helmet restricted)
rElec    .         Harm     .   (no cloak)
rCorr    .         Rampage  .   (gloves unavailable)
Will     .....                  (boots unavailable)
Stlth    ++........             (no amulet)
HPRegen  0.49/turn              (no ring)
MPRegen  0.07/turn              (no ring)

@: no status effects
A: large, unfitting armour, claws 3, regeneration 1, shaggy fur 1, tough skin 3
a: no special abilities


You were on level 6 of the Dungeon.
You visited 1 branch of the dungeon, and saw 2 of its levels.

Inventory:

Armour
 a - a +0 robe (worn)
Wands
 f - a wand of digging (3)
Scrolls
 b - a scroll of fog
 c - a scroll of magic mapping
 d - a scroll of fear
Potions
 e - a potion of haste


   Skills:
 + Level 2.5 Fighting
 + Level 1.6 Dodging
 + Level 3.2 Stealth
 + Level 2.1 Unarmed Combat


You had one spell level left.
You didn't know any spells.
Your spell library was empty.

Dungeon Overview and Level Annotations

Branches:
Dungeon (6/15)             Temple (0/1) D:6

Altars:

Annotations:
D:6 Eustachio


Innate Abilities, Weirdness & Mutations

You are too large for most types of armour.
You have claws for hands.
Your natural rate of healing is unusually fast.
You are covered in fur. (AC +1)
You have extremely tough skin. (AC +3)


Message History

You climb downwards.
Found a flail.
There is a stone staircase leading up here.
A hound comes into view.
A hound is nearby!
The hound barks!
The hound bites you.
You claw the hound!
The hound is heavily wounded.
The hound misses you.
You claw the hound!
You kill the hound!
Your Stealth skill increases to level 3!
You have reached level 2!
HP restored.
Found a staircase to the Ecumenical Temple.
Found a spear.
Eustachio the Magnificent comes into view.
He is wielding a +1 falchion of freezing.
Eustachio shouts!
Eustachio hits you with a +1 falchion of freezing.
Eustachio freezes you.
You miss Eustachio.
Eustachio hits you with a +1 falchion of freezing.
Eustachio freezes you.
You are too injured to fight recklessly!
You are too injured to fight recklessly!
You are too injured to fight recklessly!
You are too injured to fight recklessly!
You are too injured to fight recklessly!
You are too injured to fight recklessly!
You are too injured to fight recklessly!
You are too injured to fight recklessly!
You barely miss Eustachio.
Eustachio hits you with a +1 falchion of freezing!
* * * LOW HITPOINT WARNING * * *
Eustachio freezes you.
* * * LOW HITPOINT WARNING * * *
You closely miss Eustachio.
Eustachio hits you with a +1 falchion of freezing.
You die...

##### #.###.#####.#####.#
#<..###.###.#........##.#
#.........#.#.###.##.##.#
#...###.#.#.#.# #.##.##.#
#......##..#....###.......#
#...##)#.##.....##.......####
.... #.#.#########...##..#
... ....# ######.>.##..# ..
.....# #..@@........# ..
..#..# #....)..#.#.##
..........##.#.#
####............
.......######. ###.##### . #.
#.


You could see Eustachio.

Vanquished Creatures
  A hound (D:6)
1 creature vanquished.

Notes
Turn   | Place    | Note
-------+----------+-------------------------------------------
     0 | D:5      | tabyourdongers the Troll Delver began the quest for the
                  | Orb.
     0 | D:5      | Reached XP level 1. HP: 22/22 MP: 0/0
     6 | D:6      | Noticed a hound
     9 | D:6      | Killed a hound
    10 | D:6      | Reached skill level 3 in Stealth
    10 | D:6      | Reached XP level 2. HP: 27/29 MP: 1/1
    25 | D:6      | Found a staircase to the Ecumenical Temple.
    55 | D:6      | Noticed Eustachio
    60 | D:6      | Slain by Eustachio

Illustrated notes

Levels and vault maps discovered:
D:5:      layout_basic, minivault_5
D:6:      layout_loops_cross, minmay_temple_entry_butterflies, trog_book,
          uniq_eustachio

Skill      XL: |  1 |
---------------+----+-----
Stealth        | 3 |  3.2
Fighting       | |  2.5
Dodging        | |  1.6
Unarmed Combat | |  2.1

Action                   || total
-------------------------++-------
Melee: Unarmed           ||     5
Dodge: Dodged            ||     1

Table legend: (Time is in decaauts)
 A = Elapsed time spent in this place.
 B = Non-inter-level travel time spent in this place.
 C = Inter-level travel time spent in this place.
 D = Time resting spent in this place.
 E = Time spent auto-exploring this place.
 F = Levels seen in this place.
 G = Mean time per level.
                   A        B        C        D        E       F      G
               +--------+--------+--------+--------+--------+-----+--------+
         Total |     59 |     59 |      0 |      0 |     49 |   2 |   29.5 |
       Dungeon |     59 |     59 |      0 |      0 |     49 |   2 |   29.5 |
               +--------+--------+--------+--------+--------+-----+--------+

Top non-repeatable levels by time:
     D:6: 58 daAuts
     D:5: 1 daAuts
